 Dungeon Crawl Stone Soup version 0.30-a0-571-gdf30a72648 (webtiles) character file.

Game seed: 18015555816815960266

6 SkeletonJelly the Ruffian (level 1, 0/22 HPs)
             Began as a Troll Monk on Dec 30, 2022.
             Succumbed to a goblin's poison
             ... on level 1 of the Dungeon.
             The game lasted 00:00:13 (99 turns).

SkeletonJelly the Ruffian (Troll Monk)                Turns: 99, Time: 00:00:14

Health: 0/22       AC:  4    Str: 18    XL:     1   Next: 75%
Magic:  0/0        EV: 10    Int:  6    God:
Gold:   10         SH:  0    Dex: 12    Spells: 0/0 levels left

rFire   . . .      SeeInvis .      - Unarmed
rCold   . . .      Faith    .    (no shield)
rNeg    . . .      Spirit   .    a - +0 robe
rPois   .          Reflect  .    (helmet restricted)
rElec   .          Harm     .    (no cloak)
rCorr   .          Rampage  .    (gloves unavailable)
Will    .....                    (boots unavailable)
Stlth   ++                       (no amulet)
HPRegen 1.03/turn                (no ring)
MPRegen 0.07/turn                (no ring)

@: lethally poisoned (0 -> -13)
A: large, unfitting armour, claws 3, regeneration 1, shaggy fur 1, tough skin 1
a: no special abilities


You were on level 1 of the Dungeon.
You visited 1 branch of the dungeon, and saw 1 of its levels.

You collected 10 gold pieces.

Inventory:

Armour
 a - a +0 robe (worn)
Scrolls
 c - a scroll of torment {unknown}
 d - a scroll of vulnerability {unknown}
Potions
 b - a potion of ambrosia


   Skills:
 - Level 2.4 Fighting
 - Level 2.4 Dodging
 - Level 1.0 Stealth
 + Level 3.4 Unarmed Combat


You couldn't memorise any spells.
You didn't know any spells.
Your spell library was empty.

Dungeon Overview and Level Annotations

Branches:
Dungeon (1/15)

Altars:


Innate Abilities, Weirdness & Mutations

You are too large for most types of armour.
You have claws for hands.
Your natural rate of healing is unusually fast.
You are covered in fur. (AC +1)
You have tough skin. (AC +1)


Message History

A bat is nearby!
A bat is nearby!
You miss the bat. You claw the bat, but do no damage.
The bat barely misses you.
Found 9 gold pieces.
The bat hits you but does no damage.
You barely miss the bat. The bat closely misses you.
The bat closely misses you.
You barely miss the bat. The bat misses you.
No target in view!
No target in view!
No target in view!
No target in view!
No target in view!
No target in view!
No target in view!
No target in view!
No target in view!
No target in view!
No target in view!
The bat hits you but does no damage.
A bat is nearby!
A bat is nearby!
A bat is nearby!
A bat is nearby!
Found a pair of gloves.
The bat hits you but does no damage. The bat barely misses you.
You scratch the bat.
You kill the bat!
No target in view!
No target in view!
No target in view!
No target in view!
No target in view!
No target in view!
No target in view!
No target in view!
No target in view!
No target in view!
No target in view!
There is a stone staircase leading down here.
A goblin comes into view. It is wielding a +2 dagger of venom.
The goblin shouts!
You hear a shout!
A hobgoblin comes into view.
There are monsters nearby!
There are monsters nearby!
There are monsters nearby!
There are monsters nearby!
You see here 9 gold pieces.
The goblin hits you with a +2 dagger of venom.
You are poisoned.
You take 3 damage, and have 19/22 hp.
You scratch the hobgoblin.
The hobgoblin is moderately wounded.
You feel sick.
The goblin hits you with a +2 dagger of venom.
You are more poisoned.
The hobgoblin barely misses you.
You take 5 damage, and have 14/22 hp.
MASSIVE DAMAGE!!
You scratch the hobgoblin.
You kill the hobgoblin!
You feel very sick.
The goblin hits you with a +2 dagger of venom.
You are more poisoned.
You take 5 damage, and have 9/22 hp.
MASSIVE DAMAGE!!
You are too injured to fight recklessly!
You are too injured to fight recklessly!
You are too injured to fight recklessly!
You are too injured to fight recklessly!
You are too injured to fight recklessly!
You are too injured to fight recklessly!
You are too injured to fight recklessly!
You are too injured to fight recklessly!
You are too injured to fight recklessly!
You are too injured to fight recklessly!
You are too injured to fight recklessly!
You are too injured to fight recklessly!
You are too injured to fight recklessly!
You are too injured to fight recklessly!
You are too injured to fight recklessly!
You are too injured to fight recklessly!
You are too injured to fight recklessly!
You are too injured to fight recklessly!
You are too injured to fight recklessly!
You are too injured to fight recklessly!
You are too injured to fight recklessly!
You are too injured to fight recklessly!
You are too injured to fight recklessly!
You are too injured to fight recklessly!
You are too injured to fight recklessly!
You are too injured to fight recklessly!
You are too injured to fight recklessly!
You are too injured to fight recklessly!
You are too injured to fight recklessly!
You claw the goblin!
You kill the goblin!
* * * LOW HITPOINT WARNING * * *
You feel very sick.
You take 5 damage, and have 4/22 hp.
MASSIVE DAMAGE!!
Found 2 scrolls labelled HAHOEPHARHES.
You die...

#.#.......####.###.
######.#...........†....
..........†...#.##.#.###.
#######.>.....#.##.#.. +.
#..####.#.## ### #. #..#
#)# #.. #.$# #+# #..
#..####..? #.. #.@.......
#.# #.[.###... #...#
#.... #.#.#. #. .#.. #.
.# #. #. .. .?


There were no monsters in sight!

Vanquished Creatures
  2 goblins (D:1)
  A hobgoblin (D:1)
  2 bats (D:1)
  A frilled lizard (D:1)
6 creatures vanquished.

Notes
Turn   | Place    | Note
-------+----------+-------------------------------------------
     0 | D:1      | SkeletonJelly the Troll Monk began the quest for the Orb.
     0 | D:1      | Reached XP level 1. HP: 22/22 MP: 0/0
    99 | D:1      | Succumbed to a goblin's poison

Illustrated notes

Levels and vault maps discovered:
D:1:      minmay_arrival_loop, layout_basic, serial_corexii_hall,
          corexii_hall_statues_t, chequers_hall_statues_wall_a

Action                   || total
-------------------------++-------
Melee: Unarmed           ||    13
       Punch             ||     1
Armor: Robe              ||     4
Dodge: Dodged            ||    17

Table legend: (Time is in decaauts)
 A = Elapsed time spent in this place.
 B = Non-inter-level travel time spent in this place.
 C = Inter-level travel time spent in this place.
 D = Time resting spent in this place.
 E = Time spent auto-exploring this place.
 F = Levels seen in this place.
 G = Mean time per level.
                   A        B        C        D        E       F      G
               +--------+--------+--------+--------+--------+-----+--------+
         Total |     98 |     98 |      0 |      0 |     58 |   1 |   98.0 |
       Dungeon |     98 |     98 |      0 |      0 |     58 |   1 |   98.0 |
               +--------+--------+--------+--------+--------+-----+--------+

Top non-repeatable levels by time:
     D:1: 98 daAuts
